Kradschützen Motorcycle Team
Construct Light Support Kompanie
Pak 38 Anti-tank Gun Team
Selects Armored Support Battlegroup
Selects Flammpanzer III Medium Tank
Flammpanzer III Medium Tank
Construct Panzerarmee Kommand
Flammpanzer III Medium Tank
Flammpanzer III Medium Tank
Selects Stuka Anti-tank Loiter
Walking Stuka Rocket Launcher
Kradschützen Motorcycle Team
Flammpanzer III Medium Tank
Flammpanzer III Medium Tank